 Dungeon Crawl Stone Soup version 0.31-a0-840-g6d2ecbb (webtiles) character file.

Game seed: 5192897345609353541

249106 PublicAnimeNo1 the Brawler (level 19, -1/154 (155) HPs)
             Began as a Demonspawn Shapeshifter on Sept 26, 2023.
             Was the Champion of Makhleb.
             Slain by a balrug
             ... wielding a +0 demon whip
              (9 damage)
             ... in a wizard's laboratory.
             The game lasted 01:35:16 (33696 turns).

PublicAnimeNo1 the Brawler (DsSh)                  Turns: 33696, Time: 01:35:17

HP:   -1/154 (155)  AC: 31    Str: 20    XL:     19   Next: 26%
MP:   28/28         EV: 13    Int: 16    God:    Makhleb [******]
Gold: 6158          SH:  0    Dex: 22    Spells: 19/28 levels left

rFire   + .          .
                       - Unarmed
rCold   + + .        (shield currently unavailable)
rNeg    . . .        h - +12 chain mail "Rageefoi" {rF+ rC+ Dex+2}
rPois   +            (helmet unavailable)
rElec   +            Q - +2 cloak {Will+}
rCorr   .            L - melded +0 pair of gloves
SInv    +            u - +2 pair of boots of the Northern Lights {rPois rC+ Stlth+}
Will    ++...        b - amulet of regeneration
Stlth   +++          Z - ring "Fagruofe" {Fly rPois Dex+7}
HPRegen 1.25/turn    a - ring of Taoly {Wiz rElec Str-3 Int+5 SInv}
MPRegen 0.21/turn

%: wizardry (x1)
@: blade hands, flying, studying 2 skills, lightly drained
A: horns 3, thin metallic scales 2, ignite blood 2, powered by death 1,
corrupting presence 2
}: 1/15 runes: gossamer
a: Begin Untransformation, Renounce Religion, Minor Destruction, Lesser Servant
of Makhleb, Major Destruction, Greater Servant of Makhleb


You were in a wizard's laboratory.
You worshipped Makhleb.
Makhleb was exalted by your worship.
You had blades for hands.
You visited 6 branches of the dungeon, and saw 31 of its levels.
You visited the Abyss 1 time.
You also visited: Sewer, Bailey, Gauntlet, Ice Cave and Wizlab.

You collected 6938 gold pieces.
You spent 780 gold pieces at shops.

Inventory:

Missiles
 x - a throwing net
Armour
 h - the +12 chain mail "Rageefoi" (worn) {rF+ rC+ Dex+2}
   (You found it on level 4 of the Dungeon)

   Dex+2:     It affects your dexterity (+2).
   rF+:       It protects you from fire.
   rC+:       It protects you from cold.
 u - the +2 pair of boots of the Northern Lights (worn) {rPois rC+ Stlth+}
   (You found it in a Gauntlet)

   rC+:       It protects you from cold.
   rPois:     It protects you from poison Stlth+: It makes you more stealthy.
 L - a +0 pair of gloves (melded)
 Q - a +2 cloak of willpower (worn)
 R - a +2 pair of gloves of infusion
Jewellery
 a - the ring of Taoly (right blade hand) {Wiz rElec Str-3 Int+5 SInv}
   (You found it in a Gauntlet)

   [ring of wizardry]

   Wiz:       It improves your spell success rate.
   Str-3:     It affects your strength (-3).
   Int+5:     It affects your intelligence (+5).
   rElec:     It insulates you from electricity.
   SInv:      It lets you see invisible.
 b - an amulet of regeneration (around neck)
 C - the ring of Jihi {rC+ MP-9 AC+4 SInv}
   (You found it on level 12 of the Dungeon)

   [ring of protection]

   AC+4:      It affects your AC (+4).
   rC+:       It protects you from cold.
   MP-9:      It affects your magic capacity (-9).
   SInv:      It lets you see invisible.
 W - the ring of Jorehos {Ice Slay+3 Stlth+}
   (You found it on level 4 of the Lair of Beasts)

   [ring of ice]

   Ice:       It enhances your ice magic.
   Slay+3:    It affects your accuracy & damage with ranged weapons and melee
   (+3).
   rF-:       It makes you vulnerable to fire.
   rC+:       It protects you from cold.
   Stlth+:    It makes you more stealthy.
 Z - the ring "Fagruofe" (left blade hand) {Fly rPois Dex+7}
   (You found it on level 5 of the Lair of Beasts)

   [ring of flight]

   Dex+7:     It affects your dexterity (+7).
   rPois:     It protects you from poison Fly: It grants you flight.
Talismans
 c - a talisman of death
 d - a flux talisman
 F - a blade talisman (active)
 I - a serpent talisman
Wands
 j - a wand of mindburst (15)
 k - a wand of roots (51)
 w - a wand of quicksilver (22)
 z - a wand of paralysis (27)
 B - a wand of flame (53)
 S - a wand of digging (2)
 X - a wand of polymorph (13)
Scrolls
 e - 18 scrolls of teleportation
 p - 8 scrolls of enchant weapon
 q - 3 scrolls of amnesia
 s - 3 scrolls of blinking
 v - 6 scrolls of immolation
 y - 6 scrolls of vulnerability
 J - 2 scrolls of fear
 M - 10 scrolls of enchant armour
 T - 4 scrolls of revelation
 Y - a scroll of fog
Potions
 f - 9 potions of brilliance
 g - 4 potions of resistance
 l - 2 potions of magic
 n - 6 potions of mutation
 o - 10 potions of haste
 t - 4 potions of enlightenment
 A - 4 potions of curing
 D - 3 potions of might
 K - 2 potions of attraction
 N - 13 potions of ambrosia
 P - 6 potions of heal wounds
 U - 4 potions of cancellation
 V - 5 potions of lignification
Miscellaneous
 r - a phantom mirror


   Skills:
 - Level 15.0 Fighting
 + Level 13.6 Armour
 + Level 7.5 Dodging
 - Level 8.6 Stealth
 + Level 16.4 Unarmed Combat
 - Level 5.0 Spellcasting
 - Level 4.3 Hexes
 + Level 5.8 Translocations
 - Level 13.2 Invocations
 - Level 6.1 Evocations
 + Level 15.0 Shapeshifting


You had 19 spell levels left.
You knew the following spells:

 Your Spells              Type           Power      Damage    Failure   Level
a - Blink                 Tloc           44%        N/A       4%          2
b - Jinxbite              Hex            34%        N/A       8%          2
c - Apportation           Tloc           44%        N/A       2%          1
d - Manifold Assault      Tloc           22%        N/A       26%         4

Your spell library contained the following spells:

 Spells                   Type           Power      Damage    Failure   Level
 Lesser Beckoning         Tloc           44%        N/A       4%          2
 Gell's Gravitas          Tloc           22%        N/A       8%          3
 Teleport Other           Tloc           22%        N/A       8%          3
 Momentum Strike          Conj/Tloc      26%        3d8       13%         2
 Ensorcelled Hibernation  Hex/Ice        20%        N/A       17%         2
 Foxfire                  Conj/Fire      16%        2x1d4     26%         1
 Freeze                   Ice            16%        1d4       26%         1
 Shock                    Conj/Air       16%        1d4       26%         1
 Sting                    Tmut/Pois      16%        1d3       26%         1
 Dazzling Flash           Conj/Hex       20%        N/A       32%         3
 Cigotuvi's Dreadful Rot  Necr/Pois/Air  8%         N/A       38%         2
 Passwall                 Tmut/Erth      3%         N/A       38%         2
 Poisonous Vapours        Pois/Air       8%         N/A       38%         2
 Static Discharge         Conj/Air       8%         2-3/arc   38%         2
 Cause Fear               Hex            8%         N/A       41%         4
 Frozen Ramparts          Ice            8%         1d2       61%         3
 Hailstorm                Conj/Ice       4%         3d4       61%         3
 Ignite Poison            Fire/Tmut/Pois 4%         N/A       61%         3
 Swiftness                Air            4%         N/A       61%         3
 Leda's Liquefaction      Hex/Erth       5%         N/A       71%         4
 Summon Forest            Summ/Tloc      6%         N/A       90%         5
 Airstrike                Air            2%         2d(1-17)  93%         4
 Animate Armour           Summ/Erth      8%         N/A       93%         4
 Brom's Barrelling Bould  Conj/Erth      4%         2d3       93%         4
 Dispel Undead            Necr           4%         3d7       93%         4
 Olgreb's Toxic Radiance  Pois           4%         N/A       93%         4
 Sticky Flame             Conj/Fire      4%         2d3       93%         4
 Summon Ice Beast         Ice/Summ       4%         N/A       93%         4
 Summon Lightning Spire   Summ/Air       4%         N/A       93%         4
 Silence                  Hex/Air        5%         N/A       95%         5
 Summon Mana Viper        Hex/Summ       10%        N/A       95%         5
 Dispersal                Tloc           11%        N/A       98%         6
 Agony                    Necr           4%         N/A       99%         5
 Alistair's Intoxication  Tmut/Pois      2%         N/A       99%         5
 Arcjolt                  Conj/Air       2%         1d12      99%         5
 Fireball                 Conj/Fire      2%         3d4       99%         5
 Freezing Cloud           Conj/Ice/Air   2%         6-21      99%         5
 Iskenderun's Battlesphe  Conj           4%         2d6       99%         5
 Bombard                  Conj/Erth      2%         9d1       100%        6
 Conjure Ball Lightning   Conj/Air       2%         3x3d6     100%        6
 Death Channel            Necr           2%         N/A       100%        6
 Plasma Beam              Fire/Air       2%         2x1d12    100%        6
 Simulacrum               Ice/Necr       2%         N/A       100%        6
 Starburst                Conj/Fire      2%         6d3       100%        6
 Summon Cactus Giant      Summ           2%         N/A       100%        6
 Malign Gateway           Summ/Tloc      6%         N/A       100%        7
 Orb of Destruction       Conj           2%         9d5       100%        7
 Ozocubu's Refrigeration  Ice            2%         4d7       100%        7
 Spellforged Servitor     Conj/Summ      2%         N/A       100%        7
 Disjunction              Tloc           11%        N/A       100%        8
 Ignition                 Fire           2%         3d3       100%        8
 Summon Horrible Things   Summ           2%         N/A       100%        8
 Dragon's Call            Summ           2%         N/A       100%        9
 Polar Vortex             Ice            2%         N/A       100%        9


Dungeon Overview and Level Annotations

Branches:
Dungeon (15/15)            Temple (0/1) D:5            Lair (5/5) D:10
 Shoals (0/4) Lair:3       Spider (4/4) Lair:3        Slime (0/5) Lair:5
    Orc (2/2) D:9             Elf (3/3) Orc:2        Vaults (2/5) D:13
  Crypt (0/3) Vaults:2     Depths (0/4) D:15          Sewer (visited)
 Bailey (visited)           IceCv (visited)          WizLab (1/1)
Gauntlet (visited)

Altars:
Cheibriados
Dithmenos
Gozag
Hepliaklqana
Kikubaaqudgha
Makhleb
Nemelex Xobeh
Okawaru
Qazlal
Sif Muna
Trog
Vehumet
Wu Jian
Xom
Yredelemnul

Shops:
Orc:2 (?([   Elf:1 *   Vaults:1 =*

Annotations:
D:2 1 runed translucent door, Crazy Yiuf
D:15 36 runed doors
Lair:3 1 runed translucent door, exclusion: 3 oklob plants, Dasy's ghost, journeyman DsFi
Elf:2 3 runed translucent doors


Innate Abilities, Weirdness & Mutations

You have blades for hands.
You are incapable of wielding weapons or throwing items.
You have a pair of large horns on your head.
You are mostly covered in thin metallic scales. (AC +3)
Your demonic aura often causes spilled blood to erupt in flames.
You regenerate a little health from kills.
Your presence sometimes corrodes or deforms those you injure.


Message History

The balrug is moderately wounded.
You are no longer corroded.
The balrug barely misses you. The balrug misses you.
You slash the balrug!
You headbutt the balrug, but do no damage.
The balrug is heavily wounded.
The balrug hits you with a +0 demon whip.
You are engulfed in flames!
You resist.
* * * LOW HITPOINT WARNING * * *
You closely miss the balrug. You headbutt the balrug.
You slash the balrug, but do no damage.
The balrug is heavily wounded.
The balrug barely misses you.
You slice the balrug!!
The balrug is severely wounded.
The balrug completely misses you.
You slash the balrug!
You headbutt the balrug, but do no damage.
The balrug is severely wounded.
The balrug barely misses you.
The balrug hits you with a +0 demon whip!!
* * * LOW HITPOINT WARNING * * *
You are engulfed in flames!
You resist.
* * * LOW HITPOINT WARNING * * *
Press: ? - help, v - describe, . - travel, g - get item
Here: a balrug, wielding a +0 demon whip (severely wounded, berserk)
Items here: a +0 dagger; a +0 robe.
The floor, spattered with blood.
You feel much better. The balrug hits you but does no damage.
Aiming: Quicksilver Bolt
Press: ? - help, Shift-Dir - straight line, f - balrug
Aim: a balrug, wielding a +0 demon whip (severely wounded, berserk, 67% to hit)
The bolt of dispelling energy hits the balrug!!
Your corrupting presence corrodes the balrug!
The balrug is almost dead.
The balrug's magical effects unravel!
The balrug hits you with a +0 demon whip!!
* * * LOW HITPOINT WARNING * * *
You are engulfed in flames!
You resist.
You die...

########### #
#8...∩...8# .#
#......○..# ...
#..##.##@.# ...3 #.
#...##2# ..... #
...#.§..##.....3
..#...#..........
......∩....).......
##..#...#..##......
# ...#....# ......
## ..##.# ..... #.#
..# #....


You could see a balrug (berserk).

Vanquished Creatures
  Rupert (D:13)
  2 deep elf master archers (Elf:3)
  2 deep elf blademasters (Elf:3)
  Kirke (D:14)
  2 deep elf sorcerers (Elf:3)
  A balrug (WizLab)
  5 emperor scorpions
  3 vault wardens (Vaults:1)
  2 orc warlords
  An ironbound preserver (Vaults:1)
  3 deep elf elementalists (Elf:3)
  A ghost moth (Spider:4)
  3 deep elf demonologists (Elf:3)
  2 broodmothers
  2 very ugly things (Vaults:1)
  A demonspawn blood saint (WizLab)
  An ironbound thunderhulk (Vaults:1)
  4 dire elephants (Vaults:1)
  2 deep elf annihilators (Elf:3)
  Azrael (D:11)
  A minotaur (Gauntlet)
  7 deep elf death magi
  3 spark wasps
  Snorg (D:13)
  An eidolon (Vaults:2)
  A blizzard demon (WizLab)
  2 deep elf high priests (Elf:3)
  3 entropy weavers
  2 great orbs of eyes
  4 yaktaur captains
  A vault guard (Vaults:1)
  2 rakshasas
  A catoblepas (Lair:4)
  9 hydras
  Erolcha (Orc:2)
  4 jorogumos
  4 radroaches
  8 two-headed ogres
  15 dancing weapons
  15 boulder beetles
  8 centaur warriors
  9 death scarabs
  2 demonic crawlers (Spider:2)
  2 orc high priests
  A tengu warrior (D:11)
  11 death yaks
  Urug (D:13)
  Sonja (Lair:3)
  8 deep elf knights
  3 soul eaters (WizLab)
  A spectral death yak (Gauntlet)
  5 skysharks
  3 sun moths
  2 sixfirhies (WizLab)
  Amaemon (Lair:3)
  Lodul (D:12)
  A fire crab (D:14)
  6 pharaoh ants (Spider:4)
  A skeletal warrior (D:11)
  3 orb spiders
  3 deep trolls (Vaults:1)
  2 bog bodies (IceCv)
  5 deep elf archers
  3 wizards
  4 ironbound convokers (Vaults:1)
  4 lindwurms (Vaults:1)
  A spectral wolf spider (Spider:4)
  A wolf spider zombie (Spider:4)
  22 deep elf pyromancers
  7 orc knights
  22 deep elf zephyrmancers
  11 steelbarb worms
  2 orc sorcerers (Orc:2)
  28 ugly things
  5 cyclopes
  13 wolf spiders
  5 moths of wrath
  A salamander (shapeshifter) (Elf:1)
  6 elephants
  9 manticores
  4 black mambas
  A rust devil (WizLab)
  An ice statue (IceCv)
  4 vault sentinels (Vaults:1)
  A smoke demon (WizLab)
  Maurice (Orc:2)
  4 gargoyles
  2 unseen horrors
  6 spectral redbacks (Spider:4)
  An orange demon (Lair:3)
  21 cane toads
  A hellion (Abyss:3)
  2 kobold demonologists
  An unseen horror (shapeshifter) (Vaults:1)
  9 yaktaurs (Vaults:1)
  2 torpor snails
  8 komodo dragons
  3 redback zombies (Spider:4)
  A yaktaur (shapeshifter) (D:14)
  8 rime drakes
  2 freezing wraiths
  2 ice devils (Lair:3)
  A queen bee (Lair:1)
  A hellwing (WizLab)
  7 polar bears
  10 trolls
  16 tarantellas
  A tarantella (shapeshifter) (D:14)
  A tyrant leech (Lair:5)
  6 meliai
  A hornet (D:7)
  A snapping turtle (Lair:3)
  3 spectral jumping spiders (Spider:4)
  A culicivora zombie (Spider:4)
  6 saltlings (Orc:2)
  31 blink frogs
  11 dream sheep
  2 jumping spider zombies (Spider:4)
  18 jumping spiders
  3 tarantella zombies (Spider:4)
  2 air elementals
  26 slime creatures
  A vampire (D:9)
  15 culicivoras
  6 shadows
  2 wyverns
  A ynoxinul (WizLab)
  2 fire elementals
  3 hogs (D:14)
  3 water elementals
  52 yaks
  16 humans (D:13)
  3 steam dragons
  2 chaos spawn
  6 wraiths
  5 basilisks
  A neqoxec (Gauntlet)
  33 redbacks
  A hog (shapeshifter) (D:14)
  5 wargs
  2 death yak simulacra (IceCv)
  A spectral cane toad (Gauntlet)
  A harpy simulacrum (IceCv)
  15 vampire mosquitoes
  A large abomination (Abyss:3)
  A hydra simulacrum (IceCv)
  The ghost of ooops the Conjurer, an amateur OpCj (D:3)
  Edmund (D:5)
  7 acid dragons
  3 hell hounds (D:11)
  Pargi (Sewer)
  8 water moccasins
  A black bear (shapeshifter) (D:15)
  A floating eye (Lair:3)
  2 meliai simulacra
  A spectral torpor snail (Gauntlet)
  26 orc warriors
  5 ice beasts
  2 sky beasts (D:8)
  12 ogres
  2 black bears
  25 wolves
  6 centaurs
  A phantom (D:6)
  11 kobold brigands
  22 bullfrogs
  3 scorpions
  2 earth elementals
  A cane toad simulacrum (IceCv)
  4 two-headed ogre simulacra (IceCv)
  5 wights
  A water moccasin zombie (D:3)
  A hornet simulacrum (D:14)
  20 killer bees
  3 elephant simulacra (IceCv)
  5 electric eels
  10 howler monkeys
  2 hounds
  2 gnoll boudas
  2 jellies
  13 orc priests
  A centaur skeleton (D:3)
  4 iguanas
  14 orc wizards
  A sleepcap (D:8)
  Terence (D:2)
  Natasha (thrice) (D:2)
  A polar bear simulacrum (IceCv)
  4 troll simulacra (IceCv)
  11 spriggan simulacra (IceCv)
  A killer bee zombie (D:3)
  2 wolf simulacra (IceCv)
  8 gnolls
  3 adders
  A howler monkey skeleton (D:3)
  10 naga simulacra (IceCv)
  3 shadow imps
  7 white imps
  7 ufetubi
  2 worms
  A dart slug (D:3)
  69 orcs
  13 ball pythons
  7 endoplasms
  4 giant cockroaches
  7 goblins
  7 hobgoblins
  3 jackals
  A quokka (D:4)
  7 bats
  6 frilled lizards (Sewer)
  34 kobolds
  8 rats
1223 creatures vanquished.

Vanquished Creatures (collateral kills)
  Gastronok (Lair:3)
  A lorocyproca (WizLab)
  An ettin (Orc:2)
  A death scarab (Gauntlet)
  A soul eater (WizLab)
  A tarantella (Spider:4)
  A ynoxinul (WizLab)
  A redback (Spider:4)
  An orc warrior (Orc:2)
  A wolf (Lair:3)
  2 kobold brigands (Bailey)
  7 killer bees (Lair:1)
  2 electric eels (D:9)
  2 orcs (Orc:2)
  A goblin (D:10)
24 creatures vanquished.

Vanquished Creatures (others)
  A deep elf pyromancer (Elf:2)
  A kobold (D:9)
2 creatures vanquished.

Grand Total: 1249 creatures vanquished

Notes
Turn   | Place    | Note
-------+----------+-------------------------------------------
     0 | D:1      | PublicAnimeNo1 the Demonspawn Shapeshifter began the quest
                  | for the Orb.
     0 | D:1      | Reached XP level 1. HP: 15/15 MP: 1/1
   205 | D:1      | Gained mutation: Your demonic aura sometimes causes spilled
                  | blood to erupt in flames. [demonic ancestry]
   205 | D:1      | Reached XP level 2. HP: 21/21 MP: 2/2
   755 | D:1      | Reached skill level 3 in Unarmed Combat
   964 | D:2      | Noticed Natasha
  1090 | D:2      | Killed Natasha
  1091 | D:2      | Gained mutation: You are partially covered in thin metallic
                  | scales. (AC +2) [demonic ancestry]
  1091 | D:2      | Reached XP level 3. HP: 14/27 MP: 3/3
  1156 | D:2      | Noticed Terence
  1183 | D:2      | Killed Terence
  1184 | D:2      | Reached XP level 4. HP: 6/33 MP: 4/4
  1273 | D:2      | Noticed Natasha
  1281 | D:2      | Killed Natasha
  1409 | D:2      | Noticed Natasha
  1414 | D:2      | Killed Natasha
  1442 | D:2      | Found a runed translucent door.
  1443 | D:2      | Noticed Crazy Yiuf
  1745 | D:3      | Noticed ooops's ghost (amateur OpCj)
  1745 | D:3      | Found a runed translucent gate.
  1745 | D:3      | Found a runed translucent gate.
  1745 | D:3      | Found a runed translucent gate.
  1750 | D:3      | Gained mutation: Your demonic aura often causes spilled
                  | blood to erupt in flames. [demonic ancestry]
  1750 | D:3      | Reached XP level 5. HP: 24/39 MP: 5/5
  1820 | D:3      | Found a glowing drain.
  1841 | Sewer    | Entered a sewer
  1893 | Sewer    | Noticed Pargi
  1917 | Sewer    | Killed Pargi
  1918 | Sewer    | Reached XP level 6. HP: 10/47 MP: 6/6
  2245 | D:3      | You fall into a shaft and drop 1 floor!
  2321 | D:4      | Identified the +12 chain mail "Rageefoi" {rF+ rC+ Dex+2}
  2345 | D:4      | Reached skill level 4 in Unarmed Combat
  2702 | D:4      | Found a shadowy altar of Dithmenos.
  2961 | D:4      | Identified the +10 flail "Wemy" {heavy, Int+4}
  2979 | D:4      | Found a hazy altar of Hepliaklqana.
  3016 | D:5      | Entered Level 5 of the Dungeon
  3022 | D:5      | Noticed an ice beast
  3088 | D:5      | Found a burning altar of Makhleb.
  3100 | D:5      | Became a worshipper of Makhleb the Destroyer
  3187 | D:5      | Killed an ice beast
  3188 | D:5      | Reached skill level 1 in Armour
  3188 | D:5      | Reached XP level 7. HP: 47/53 MP: 7/7
  3697 | D:5      | Found a staircase to the Ecumenical Temple.
  3849 | D:5      | Reached * piety under Makhleb
  3940 | D:5      | Noticed Edmund
  3960 | D:5      | Killed Edmund
  3961 | D:5      | Reached skill level 5 in Unarmed Combat
  3961 | D:5      | Reached XP level 8. HP: 61/61 MP: 8/8
  4491 | D:3      | Found a faded altar of an unknown god.
  4667 | D:3      | Killed ooops's ghost
  4668 | D:3      | Reached skill level 5 in Shapeshifting
  5001 | D:6      | Reached skill level 5 in Fighting
  5014 | D:6      | Reached skill level 6 in Unarmed Combat
  5024 | D:6      | Reached XP level 9. HP: 57/68 MP: 9/9
  5121 | D:6      | Reached ** piety under Makhleb
  5461 | D:7      | Paralysed by a hornet for 2 turns
  5626 | D:7      | Reached skill level 7 in Unarmed Combat
  5977 | D:7      | Found an opulent altar of Gozag.
  6344 | D:8      | Found an ancient bone altar of Kikubaaqudgha.
  6399 | D:8      | Found a shimmering altar of Xom.
  6463 | D:8      | Reached *** piety under Makhleb
  7216 | D:9      | Reached skill level 1 in Invocations
  7243 | D:9      | Found a staircase to the Orcish Mines.
  7254 | D:9      | Reached XP level 10. HP: 76/77 MP: 10/10
  7321 | D:9      | Reached skill level 8 in Unarmed Combat
  7333 | D:9      | Reached skill level 5 in Armour
  7724 | D:9      | Found a stormy altar of Qazlal.
  7895 | D:9      | Found a radiant altar of Vehumet.
  7903 | D:9      | Found a snail-covered altar of Cheibriados.
  7908 | D:9      | Found an iron altar of Okawaru.
  8014 | D:9      | Reached skill level 9 in Unarmed Combat
  8733 | D:10     | Entered Level 10 of the Dungeon
  8733 | D:10     | Noticed a two-headed ogre
  8733 | D:10     | Found a flagged portal.
  8744 | D:10     | Killed a two-headed ogre
  8745 | D:10     | Reached skill level 5 in Invocations
  8755 | Bailey   | Entered a bailey
  8878 | Bailey   | Gained mutation: You have a pair of small horns on your
                  | head. [demonic ancestry]
  8878 | Bailey   | Reached XP level 11. HP: 85/85 MP: 14/14
  8900 | Bailey   | Found a bloodstained altar of Trog.
  9094 | D:10     | Found a bloodstained altar of Trog.
  9288 | D:10     | Reached **** piety under Makhleb
  9300 | D:10     | Reached skill level 10 in Unarmed Combat
  9595 | D:10     | Found a staircase to the Lair.
  9714 | D:10     | Found a basalt altar of Yredelemnul.
  9818 | D:11     | Noticed a boulder beetle
  9819 | D:11     | Noticed a skeletal warrior
  9938 | Lair:1   | Entered Level 1 of the Lair of Beasts
 10177 | Lair:1   | Reached ***** piety under Makhleb
 10515 | Lair:1   | Reached skill level 11 in Unarmed Combat
 10781 | Lair:1   | Gained mutation: You have a pair of horns on your head.
                  | [demonic ancestry]
 10781 | Lair:1   | Reached XP level 12. HP: 46/94 MP: 17/17
 10820 | Lair:1   | Reached skill level 1 in Stealth
 10824 | Lair:1   | HP: 7/142 [killer bee (7)]
 10829 | Lair:1   | HP: 4/142 [poisoned by a killer bee]
 10833 | Lair:1   | HP: 1/95 [poisoned by a killer bee]
 11199 | Lair:2   | Found a gate leading to a gauntlet.
 11236 | Gauntlet | Entered a Gauntlet
 11236 | Gauntlet | Found a runed translucent door.
 11236 | Gauntlet | Found a transporter.
 11236 | Gauntlet | Found a runed translucent door.
 11357 | Gauntlet | Found a transporter.
 11359 | Gauntlet | Found a transporter.
 11370 | Gauntlet | Found a transporter.
 11373 | Gauntlet | Found a transporter.
 11383 | Gauntlet | Found a transporter.
 11399 | Gauntlet | Found a transporter.
 11406 | Gauntlet | Noticed a quicksilver ooze
 11410 | Gauntlet | Found a transporter.
 11420 | Gauntlet | Found a runed translucent gate.
 11421 | Gauntlet | Found a transporter.
 11421 | Gauntlet | Found a runed translucent gate.
 11422 | Gauntlet | Found a runed translucent gate.
 11426 | Gauntlet | Noticed a death scarab
 11428 | Gauntlet | Noticed a death scarab
 11435 | Gauntlet | Found a transporter.
 11435 | Gauntlet | Found a transporter.
 11449 | Gauntlet | Found a transporter.
 11460 | Gauntlet | Found a transporter.
 11465 | Gauntlet | Found a transporter.
 11814 | Gauntlet | Identified the +2 pair of boots of the Northern Lights
                  | {rPois rC+ Stlth+}
 11864 | Gauntlet | Killed a death scarab
 11869 | Gauntlet | Killed a death scarab
 12011 | Gauntlet | Identified the ring of Taoly {Wiz rElec Str-3 Int+5 SInv}
 12019 | Gauntlet | Noticed a minotaur
 12029 | Gauntlet | Killed a minotaur
 12083 | Lair:2   | Reached skill level 12 in Unarmed Combat
 12306 | Lair:2   | Noticed a boulder beetle
 12322 | Lair:2   | Killed a boulder beetle
 12449 | Lair:2   | Noticed a six-headed hydra
 12455 | Lair:2   | Killed a six-headed hydra
 12603 | Lair:2   | Reached skill level 10 in Fighting
 12876 | Lair:3   | Found a staircase to the Shoals.
 12876 | Lair:3   | Noticed a four-headed hydra
 12880 | Lair:3   | Killed a four-headed hydra
 12881 | Lair:3   | Gained mutation: You are mostly covered in thin metallic
                  | scales. (AC +3) [demonic ancestry]
 12881 | Lair:3   | Reached XP level 13. HP: 103/103 MP: 18/18
 12895 | Lair:3   | Noticed Sonja
 12910 | Lair:3   | Killed Sonja
 13074 | Lair:3   | Noticed Amaemon
 13089 | Lair:3   | Killed Amaemon
 13090 | Lair:3   | Found a runed translucent door.
 13104 | Lair:3   | Noticed Dasy's ghost (journeyman DsFi)
 13193 | Lair:3   | Found a frozen archway.
 13215 | IceCv    | Entered an ice cave
 13375 | IceCv    | Reached ****** piety under Makhleb
 13974 | IceCv    | Reached skill level 13 in Unarmed Combat
 14072 | IceCv    | Got a disorganized book
 14309 | Lair:3   | Found a hole to the Spider Nest.
 14386 | Lair:3   | Noticed Gastronok
 14399 | Lair:3   | Paralysed by a floating eye for 3 turns
 14405 | Lair:3   | Killed Gastronok
 14988 | Lair:4   | Gained mutation: You have a pair of large horns on your
                  | head. [demonic ancestry]
 14988 | Lair:4   | Reached XP level 14. HP: 101/113 MP: 20/20
 15007 | Lair:4   | Reached skill level 5 in Dodging
 15235 | Lair:4   | Identified the ring of Jorehos {Ice Slay+3 Stlth+}
 15844 | Lair:5   | Entered Level 5 of the Lair of Beasts
 15855 | Lair:5   | Found a staircase to the Slime Pits.
 15920 | Lair:5   | Reached skill level 10 in Armour
 15946 | Lair:5   | Identified the +0 robe "Yfigreoz" {+Blink Regen+ Dex-4
                  | SInv}
 16081 | Lair:5   | Reached skill level 10 in Invocations
 16268 | Lair:5   | Identified the +3 long sword "Killer Bee's Death" {vamp,
                  | *Noise rElec rF+++ MP+9}
 16576 | Lair:5   | Identified the ring "Fagruofe" {Fly rPois Dex+7}
 17714 | D:11     | Reached XP level 15. HP: 120/120 MP: 23/23
 17909 | D:12     | Noticed Azrael
 18024 | D:11     | Killed Azrael
 18106 | D:12     | Reached skill level 5 in Stealth
 18153 | D:12     | Noticed Lodul
 18183 | D:12     | Killed Lodul
 18184 | D:12     | Reached skill level 1 in Evocations
 18184 | D:12     | Reached skill level 10 in Shapeshifting
 18280 | D:12     | Identified the ring of Jihi {rC+ MP-9 AC+4 SInv}
 18289 | D:12     | Identified the +5 scale mail of Disaster {Slay+3}
 18913 | D:13     | Noticed Snorg
 18928 | D:13     | Killed Snorg
 18929 | D:13     | Reached skill level 14 in Unarmed Combat
 19164 | D:13     | Noticed Urug
 19169 | D:13     | Found a gate to the Vaults.
 19170 | D:13     | Noticed Rupert
 19187 | D:13     | Killed Rupert
 19194 | D:13     | Killed Urug
 19955 | D:14     | Identified the ring of Kiefo {Fire rElec MP-9 Dex+2}
 20088 | D:14     | Noticed Kirke
 20088 | D:14     | Identified a scroll of acquirement
 20106 | D:14     | HP: 5/122 [gargoyle/stone arrow (16)]
 20106 | D:14     | Killed Kirke
 20156 | D:14     | Acquired a manual of Shapeshifting
 20264 | D:14     | Gained mutation: Your presence sometimes corrodes those you
                  | injure. [demonic ancestry]
 20264 | D:14     | Reached XP level 16. HP: 129/129 MP: 25/25
 20564 | D:14     | Found a sparkling altar of Nemelex Xobeh.
 20779 | D:15     | Entered Level 15 of the Dungeon
 20904 | D:15     | Found a huge runed gate.
 20904 | D:15     | Found a huge runed gate.
 20904 | D:15     | Found a huge runed gate.
 20904 | D:15     | Found a huge runed gate.
 20904 | D:15     | Found a huge runed gate.
 20904 | D:15     | Found a huge runed gate.
 20905 | D:15     | Found a huge runed gate.
 20905 | D:15     | Found a huge runed gate.
 20906 | D:15     | Found a huge runed gate.
 20916 | D:15     | Found a huge runed gate.
 20917 | D:15     | Found a huge runed gate.
 20924 | D:15     | Found a huge runed gate.
 20924 | D:15     | Found a huge runed gate.
 20924 | D:15     | Found a huge runed gate.
 20924 | D:15     | Found a huge runed gate.
 20924 | D:15     | Found a huge runed gate.
 20924 | D:15     | Found a huge runed gate.
 20925 | D:15     | Found a huge runed gate.
 20926 | D:15     | Found a huge runed gate.
 20958 | D:15     | Found a huge runed gate.
 20959 | D:15     | Found a huge runed gate.
 20960 | D:15     | Found a huge runed gate.
 20961 | D:15     | Found a huge runed gate.
 20981 | D:15     | Acquired 731 gold pieces
 20991 | D:15     | Found a huge runed gate.
 20993 | D:15     | Found a huge runed gate.
 20997 | D:15     | Found a huge runed gate.
 20997 | D:15     | Found a huge runed gate.
 20997 | D:15     | Found a huge runed gate.
 21003 | D:15     | Found a huge runed gate.
 21003 | D:15     | Found a huge runed gate.
 21003 | D:15     | Found a huge runed gate.
 21003 | D:15     | Found a huge runed gate.
 21003 | D:15     | Found a huge runed gate.
 21003 | D:15     | Found a huge runed gate.
 21004 | D:15     | Found a huge runed gate.
 21005 | D:15     | Found a huge runed gate.
 21529 | D:15     | Found a staircase to the Depths.
 21795 | Orc:1    | Entered Level 1 of the Orcish Mines
 21895 | Orc:1    | Found a transporter.
 21981 | Orc:1    | Found a transporter.
 21988 | Orc:1    | Found a transporter.
 21992 | Orc:1    | Found an ornate altar of the Wu Jian Council.
 21994 | Orc:1    | Found a transporter.
 22062 | Orc:1    | Found an ornate altar of the Wu Jian Council.
 22263 | Orc:1    | Reached skill level 5 in Evocations
 22405 | Orc:2    | Entered Level 2 of the Orcish Mines
 22414 | Orc:2    | Noticed Maurice
 22428 | Orc:2    | Killed Maurice
 22781 | Orc:2    | Found Wouwuut's Weapon Shop.
 22819 | Orc:2    | Found Riegodde's Antique Armour Shoppe.
 22869 | Orc:2    | Found Laep's Weapon Shoppe.
 22909 | Orc:2    | Found Haodim's Magic Scroll Shoppe.
 22926 | Orc:2    | Bought a scroll of acquirement for 780 gold pieces
 22957 | Orc:2    | Noticed Erolcha
 22967 | Orc:2    | Killed Erolcha
 23031 | Orc:2    | Found a staircase to the Elven Halls.
 23158 | Orc:2    | Acquired a +2 cloak of willpower
 23223 | Elf:1    | Entered Level 1 of the Elven Halls
 23583 | Elf:1    | Found Wibbox's Neck Hole.
 24012 | Elf:1    | Paralysed by an air elemental for 1 turns
 24021 | Elf:1    | Identified the +9 short sword "Ofacab" {venom, rElec rF+
                  | rCorr}
 24042 | Abyss:3  | Cast into level 3 of the Abyss (a deep elf sorcerer)
 24147 | Elf:1    | Escaped the Abyss
 25006 | Elf:2    | Gained mutation: You regenerate a little health from kills.
                  | [demonic ancestry]
 25006 | Elf:2    | Reached XP level 17. HP: 134/138 MP: 17/26
 25143 | Elf:2    | Reached skill level 1 in Spellcasting
 25380 | Elf:2    | Reached skill level 15 in Unarmed Combat
 25413 | Elf:2    | Found a runed translucent gate.
 25414 | Elf:2    | Found a runed translucent gate.
 25414 | Elf:2    | Found a runed translucent gate.
 25902 | Elf:3    | Entered Level 3 of the Elven Halls
 26039 | Elf:3    | Paralysed by an air elemental for 1 turns
 26045 | Elf:3    | Paralysed by an air elemental for 1 turns
 26280 | Elf:3    | Found a shimmering blue altar of Sif Muna.
 26421 | Elf:3    | Noticed a deep elf blademaster
 26459 | Elf:3    | Noticed an Ice Fiend
 26459 | Elf:3    | Noticed a deep elf blademaster
 26497 | Elf:3    | Killed a deep elf blademaster
 26510 | Elf:3    | Noticed a Brimstone Fiend
 26828 | Elf:3    | Identified the +8 hand axe of Trial by Ordeal {heavy, rElec
                  | rN++ Dex-2 Stlth-}
 26855 | Elf:3    | Noticed a deep elf master archer
 26869 | Elf:3    | Killed a deep elf blademaster
 26871 | Elf:3    | Noticed a deep elf master archer
 26871 | Elf:3    | Killed a deep elf master archer
 26882 | Elf:3    | Killed a ghostly deep elf blademaster
 26901 | Elf:3    | Killed a deep elf master archer
 27091 | Elf:3    | Got a moth-eaten book
 27098 | Elf:3    | Identified the +8 quarterstaff of Puntanne {heavy, Int+4
                  | Dex+3 Stlth+}
 27174 | Elf:3    | Found the +0 mask of the Dragon {Will+ Slay+3 SInv}
 27528 | Spider:1 | Entered Level 1 of the Spider Nest
 27656 | Spider:1 | Upgraded the game from 0.31-a0-836-g3ceb0a6 to
                  | 0.31-a0-840-g6d2ecbb
 27908 | Spider:1 | Learned a level 2 spell: Blink
 27911 | Spider:1 | Learned a level 2 spell: Jinxbite
 27913 | Spider:1 | Learned a level 1 spell: Apportation
 28360 | Spider:1 | Reached skill level 1 in Hexes
 28948 | Spider:2 | Reached skill level 1 in Translocations
 29050 | Spider:2 | Gained mutation: Your presence sometimes corrodes or
                  | deforms those you injure. [demonic ancestry]
 29050 | Spider:2 | Reached XP level 18. HP: 147/147 MP: 27/27
 29225 | Spider:2 | You are sucked into a shaft and drop 1 floor!
 30280 | Spider:4 | Entered Level 4 of the Spider Nest
 30301 | Spider:4 | Reached skill level 5 in Spellcasting
 31150 | Spider:4 | Reached skill level 15 in Fighting
 31222 | Spider:4 | Learned a level 4 spell: Manifold Assault
 31474 | Spider:4 | Reached skill level 16 in Unarmed Combat
 31887 | Spider:4 | Got a gossamer rune of Zot
 31889 | Spider:4 | Got a glistering book
 32192 | Vaults:1 | Entered Level 1 of the Vaults
 32559 | Vaults:1 | Reached skill level 5 in Translocations
 32588 | Vaults:1 | Found Veus's Assorted Antiques.
 32696 | Vaults:1 | Reached XP level 19. HP: 122/155 MP: 28/28
 32820 | Vaults:1 | Found Jegga's Book Boutique.
 33202 | Vaults:1 | Found Alydaj's Jewellery Shop.
 33403 | Vaults:1 | Got a whispering book
 33594 | Vaults:2 | Found a magical portal.
 33603 | WizLab   | Entered The Hall of the Hellbinder
 33641 | WizLab   | Reached skill level 15 in Shapeshifting
 33694 | WizLab   | HP: 4/154 [balrug/+0 demon whip (13)]
 33696 | WizLab   | Slain by a balrug

Illustrated notes

Levels and vault maps discovered:
D:1:      dreamdust_arrival_sigmund_warning, layout_loops_ring
D:2:      layout_rooms, uniq_natasha, uniq_crazy_yiuf_cottage, uniq_terence
D:3:      layout_loops_ring, serial_glass, glass_columns_a, glass_columns_b,
          minmay_strange_pillars, item_on_display_a, feat_on_display,
          portal_sewer_entry_a, ebering_ecumenical_altar_hall,
          gammafunk_ghost_necromancy
D:4:      layout_loops_ring, nicolae_dithmenos_the_darkroom,
          worldfamousw_hep_ancestral_shrine, nicolae_the_louvre
D:5:      layout_basic, mainiacjoe_overflow_paths, minmay_temple_entry_poolview,
          solitary_fountain, minmay_diced_spiral, uniq_edmund
D:6:      layout_loops_cross, dreamdust_divine_triumvirate, minmay_between
D:7:      layout_rooms, lemuel_round_altar, minmay_misc_feat_enclosed
D:8:      layout_basic, mainiacjoe_overflow_cross_hatched,
          mainiacjoe_overflow_concentric_impassable, minmay_manual_mandibuliform
D:9:      layout_cave_pods, grunt_qazlal_sundering,
          minmay_overflow_temple_star_quad, david_orc_1_choice,
          chequers_big_river, minmay_alternating_orb
D:10:     layout_cave_pools, nicolae_overflow_hidden_temple,
          hellmonk_lair_entry_icy, enter_bailey_5, serial_ice, serial_ice_k,
          serial_ice_e, serial_ice_f, serial_ice_m,
          chequers_serial_rivers_micro_c, kennysheep_generic_room_11
D:11:     cheibrodos_fzero, layout_long_grid
D:12:     minmay_the_grid_four_pointed_star_mashed
          [minmay_the_grid_triangle_9x9_impossible_snake,
          minmay_the_grid_triangle_9x9_zippers_horizontal,
          minmay_the_grid_triangle_9x9_longest,
          minmay_the_grid_triangle_9x9_thin_v,
          minmay_the_grid_prize_four_corners_diamond_b], layout_basic,
          uniq_azrael, uniq_lodul
D:13:     layout_basic, david_vaults_3, uniq_snorg
D:14:     minmay_concentric_multi, layout_gridville,
          nemelex_lonely_heart_becter, uniq_kirke
D:15:     gammafunk_enter_depths_forms, layout_loops_ring, serial_bayou_pond_a,
          minmay_misc_feat_five, not_door_vault_due
Lair:1:   layout_long_grid, special_room [special_room_bee]
Lair:2:   layout_cellular_growth, gauntlet_entry_generic, minmay_holes,
          lemuel_fruit_fields
Lair:3:   layout_gridlike, minmay_shoals_entry_hut, spider_nest_entry_rubble,
          portal_ice_cave_demonic_guard, hellmonk_ghost_happy_afterlife,
          disabler_island, uniq_amaemon, uniq_gastronok, uniq_sonja
Lair:4:   layout_cave_pods
Lair:5:   minmay_lair_end_frog_pond, layout_loops_ring, slime_entry_1,
          serial_rivers, chequers_serial_rivers_small_b,
          chequers_serial_rivers_micro_c, chequers_serial_rivers_small_b,
          chequers_serial_rivers_large_a, chequers_serial_rivers_micro_a
Spider:1: layout_spider_delve, hangedman_spider_tarantella_strand
Spider:2: layout_cave_pods
Spider:3: nicolae_spider_mines_2
Spider:4: floodkiller_spider_rune_tomb, hellmonk_spider_spawner
Orc:1:    dreamdust_wu_jian_sword_trials, layout_caves
Orc:2:    hellmonk_orc_salted, layout_caves, uniq_erolcha, uniq_maurice,
          uniq_urug
Elf:1:    eino_elf_arrival_customs, layout_rooms, evilmike_minifort,
          nicolae_shop_sticking_my_neck_out
Elf:2:    nicolae_elf_blades_crystal_corner, layout_onion_city
Elf:3:    elf_hall_gauntlet_narrow, layout_geoelf_grid, serial_glass,
          glass_columns_c, glass_columns_a, basic_altar
Vaults:1: nicolae_vaults_mush_room, v_misc_13, nicolae_vaults_sealed_display,
          nicolae_vaults_tangram_1, v_misc_16, vaults_room_hallway,
          vaults_dpeg_encased_lava, layout_vaults_quadrants, serial_shops,
          nicolae_shop_statue_plus, shop, shop
Vaults:2: mu_enter_wizlab_6, minmay_crypt_entry_simple_walls,
          nicolae_vaults_disjoint_gnomons, hangedman_vaults_trim, v_misc_24,
          v_misc_15, nicolae_vaults_turnstiles, v_misc_31,
          nicolae_vaults_mitosis, nicolae_vaults_little_guard_posts,
          nicolae_vaults_wine_cellar, vaults_room_door_ring,
          layout_vaults_omnicross
WizLab:   wizlab_demon

Skill      XL: |  1  2  3  4  5  6  7  8  9 10 11 12 13 14 15 16 17 18 19 |
---------------+----------------------------------------------------------+-----
Dodging        | 2 3 4 6 7 |  7.5
Unarmed Combat | 3 4 5 6 7 9 11 12 13 14 15 16 | 16.4
Shapeshifting  | 3 4 5 7 8 9 10 11 13 14 15 | 15.0
Fighting       | 2 3 4 5 6 7 8 10 11 12 13 14 15 | 15.0
Armour         | 1 2 3 4 6 7 8 9 10 11 12 13 | 13.6
Invocations    | 1 5 7 9 10 12 13 | 13.2
Stealth        | 3 4 6 8 |  8.6
Evocations     | 4 6 |  6.1
Spellcasting   | 4 5 |  5.0
Hexes          | 1 4 |  4.3
Translocations | 1 5 |  5.8

Action                     |  1- 3 |  4- 6 |  7- 9 | 10-12 | 13-15 | 16-18 | 19-21 || total
---------------------------+-------+-------+-------+-------+-------+-------+-------++-------
  Melee: Unarmed           |   135 |   131 |   334 |   711 |  1277 |  1548 |   119 ||  4255
         Punch             |     1 |     4 |    11 |       |       |    70 |    12 ||    98
         Headbutt          |       |       |       |   132 |   391 |   492 |    28 ||  1043
   Cast: Jinxbite          |       |       |       |       |       |     3 |       ||     3
 Invoke: Minor Destruction |       |       |       |    13 |     3 |    13 |       ||    29
         Lesser Servant of |       |       |       |     7 |     3 |     4 |       ||    14
         Major Destruction |       |       |       |       |     1 |     2 |       ||     3
         Greater Servant o |       |       |       |       |       |     1 |     1 ||     2
  Evoke: Wand              |       |     4 |     6 |       |     4 |     9 |     1 ||    24
         Phantom mirror    |       |       |       |       |       |     2 |       ||     2
    Use: Potion            |     3 |     1 |       |     8 |     2 |     2 |     1 ||    17
         Scroll            |     5 |     3 |    10 |     5 |     2 |     5 |     1 ||    31
   Stab: Invisible         |     1 |       |       |       |       |       |       ||     1
         Distracted        |       |       |       |     2 |     1 |     1 |       ||     4
         Sleeping          |       |       |       |       |     1 |     9 |     1 ||    11
         Held in net/web   |       |       |       |       |       |     1 |       ||     1
 Armour: Animal skin       |    19 |       |       |       |       |       |       ||    19
         Skin              |     4 |       |       |       |    10 |       |       ||    14
         Leather armour    |    66 |    54 |       |       |       |       |       ||   120
         Chain mail        |       |    43 |   275 |   696 |  1354 |  1535 |    80 ||  3983
  Dodge: Dodged            |    97 |    80 |   167 |   340 |   756 |   770 |    47 ||  2257
   Form: Flux              |       |       |     1 |       |       |     1 |       ||     2
         Maw               |       |       |       |       |       |     1 |       ||     1
         Blade             |       |       |       |       |       |     1 |       ||     1

Table legend: (Time is in decaauts)
 A = Elapsed time spent in this place.
 B = Non-inter-level travel time spent in this place.
 C = Inter-level travel time spent in this place.
 D = Time resting spent in this place.
 E = Time spent auto-exploring this place.
 F = Levels seen in this place.
 G = Mean time per level.
                   A        B        C        D        E       F      G
               +--------+--------+--------+--------+--------+-----+--------+
         Total |  32976 |  30945 |   2031 |   4058 |  18650 |  37 |  891.2 |
       Dungeon |  13839 |  12991 |    848 |    927 |   9302 |  15 |  922.6 |
          Lair |   5507 |   5127 |    380 |    291 |   3476 |   5 | 1101.4 |
   Spider Nest |   4417 |   4084 |    333 |    448 |   2236 |   4 | 1104.2 |
  Orcish Mines |   1431 |   1292 |    139 |    135 |    780 |   2 |  715.5 |
   Elven Halls |   3909 |   3681 |    228 |   1344 |   1434 |   3 | 1303.0 |
        Vaults |   1360 |   1259 |    101 |     52 |    813 |   2 |  680.0 |
         Abyss |     97 |     97 |      0 |     40 |      0 |   1 |   97.0 |
         Sewer |    276 |    276 |      0 |     62 |     91 |   1 |  276.0 |
        Bailey |    312 |    312 |      0 |      3 |    182 |   1 |  312.0 |
      Ice Cave |    925 |    925 |      0 |    395 |    169 |   1 |  925.0 |
        Wizlab |     74 |     74 |      0 |      0 |      5 |   1 |   74.0 |
      Gauntlet |    826 |    826 |      0 |    360 |    160 |   1 |  826.0 |
               +--------+--------+--------+--------+--------+-----+--------+

Top non-repeatable levels by time:
     D:9: 1672 daAuts
   Elf:1: 1608 daAuts
Spider:4: 1490 daAuts
  Lair:1: 1280 daAuts
Vaults:1: 1268 daAuts
   Elf:3: 1219 daAuts
  Lair:5: 1202 daAuts
Spider:1: 1157 daAuts
   Elf:2: 1081 daAuts
  Lair:3: 1047 daAuts
  Lair:4: 1036 daAuts
     D:5: 1022 daAuts
     D:8: 985 daAuts
     D:1: 961 daAuts
  Lair:2: 940 daAuts
